TOP OF THE 1ST |
Detroit (APP) Tigers batting - Pitching for Great Falls Voyagers : RHP Juan Reyes
|
Pitching: RHP Juan Reyes
|
|
Batting: RHB Alex Duarte
|
0-0: Ball 1-0: Ball 2-0: Foul Ball, location: 2F 2-1: Fly out, F9 (Flyball, 9D, EV 91.2 MPH)
|
Batting: RHB Cody Kafer
|
0-0: Ball 1-0: Ball 2-0: Ball 3-0: Base on Balls
|
Batting: RHB George Sonier
|
0-0: Called Strike 0-1: Ball 1-1: Ball 2-1: Foul Ball, location: 2F 2-2: Strikes out swinging
|
Batting: RHB Tony Murray
|
0-0: Ball 1-0: Swinging Strike 1-1: Foul Ball, location: 2F 1-2: Strikes out swinging
|
Top of the 1st over - 0 runs, 0 hits, 0 errors, 1 left on base; Detroit (APP) 0 - Great Falls 0 |
BOTTOM OF THE 1ST |
Great Falls Voyagers batting - Pitching for Detroit (APP) Tigers : RHP Felipe Guevara
|
Pitching: RHP Felipe Guevara
|
|
Batting: RHB Andy Cotton
|
0-0: Foul Ball, location: 2F 0-1: Ball 1-1: Ball 2-1: Ball 3-1: Foul Ball, location: 2F 3-2: Base on Balls
|
Batting: RHB Enrique Gomez
|
0-0: Hit by Pitch Andy Cotton to second
|
Batting: RHB Russ Cornett
|
0-0: Ball 1-0: Swinging Strike 1-1: Ball 2-1: Ball 3-1: Foul Ball, location: 2F 3-2: Base on Balls Andy Cotton to third Enrique Gomez to second
|
Batting: RHB Billy Grubbs
|
0-0: Fly out, F9 (Flyball, 89M, EV 87.5 MPH) Runner from 3rd tags up, SCORES, throw by RF
|
Batting: RHB Mitch Cuadros
|
0-0: Ball 1-0: Ball 2-0: Ball 3-0: Called Strike 3-1: Base on Balls Enrique Gomez to third Russ Cornett to second
|
Batting: RHB Brad Adams Jr.
|
0-0: Foul Ball, location: 2F 0-1: Ball 1-1: Ball 2-1: Ball 3-1: Foul Ball, location: 2F 3-2: Foul Ball, location: 2F 3-2: Base on Balls Enrique Gomez scores Russ Cornett to third Mitch Cuadros to second
|
Batting: RHB Francisco Marin
|
0-0: Ball 1-0: Ball 2-0: Ball 3-0: Base on Balls Russ Cornett scores Mitch Cuadros to third Brad Adams Jr. to second
|
Batting: RHB Joselito Santos
|
0-0: Called Strike 0-1: Ball 1-1: Ball 2-1: Foul Ball, location: 2F 2-2: Grounds into double play, 5-4-3 (Groundball, 5S, EV 85.0 MPH)
|
Bottom of the 1st over - 3 runs, 0 hits, 0 errors, 2 left on base; Detroit (APP) 0 - Great Falls 3 |
TOP OF THE 2ND |
Detroit (APP) Tigers batting - Pitching for Great Falls Voyagers : RHP Juan Reyes
|
Batting: LHB Simon Barry
|
0-0: Ball 1-0: Ground out U3 (Groundball, 3, EV 84.4 MPH)
|
Batting: RHB Yasutaka Yamasaki
|
0-0: Ball 1-0: Called Strike 1-1: Ball 2-1: SINGLE (Groundball, 34D, EV 105.0 MPH)
|
Batting: RHB John Barton
|
0-0: Ball 1-0: Ball 2-0: TRIPLE (Line Drive, 78XD, EV 103.8 MPH) Yasutaka Yamasaki scores
|
Batting: RHB Peter Jones
|
0-0: Foul Ball, location: 2F 0-1: Ball 1-1: DOUBLE (Line Drive, 9LD, EV 106.2 MPH) John Barton scores
|
Batting: RHB Victor Acuna
|
0-0: Called Strike 0-1: Ground out 1-3 (Groundball, 15S, EV 72.5 MPH)
|
Batting: RHB Alex Duarte
|
0-0: Called Strike 0-1: Ball 1-1: Ball 2-1: DOUBLE (Flyball, 8LXD, EV 108.1 MPH) Peter Jones scores
|
Batting: RHB Cody Kafer
|
0-0: Ground out 4-3 (Groundball, 4S, EV 88.8 MPH)
|
Top of the 2nd over - 3 runs, 4 hits, 0 errors, 1 left on base; Detroit (APP) 3 - Great Falls 3 |
BOTTOM OF THE 2ND |
Great Falls Voyagers batting - Pitching for Detroit (APP) Tigers : RHP Felipe Guevara
|
Batting: RHB David Cortez
|
0-0: Called Strike 0-1: Ball 1-1: Ball 2-1: Swinging Strike 2-2: Strikes out looking
|
Batting: RHB Andy Cotton
|
0-0: Ball 1-0: Ball 2-0: Called Strike 2-1: Ball 3-1: Foul Ball, location: 2F 3-2: Foul Ball, location: 2F 3-2: Ground out 6-3 (Groundball, 6, EV 79.4 MPH)
|
Batting: RHB Enrique Gomez
|
0-0: Ground out 4-3 (Groundball, 4, EV 90.0 MPH)
|
Bottom of the 2nd over - 0 runs, 0 hits, 0 errors, 0 left on base; Detroit (APP) 3 - Great Falls 3 |
TOP OF THE 3RD |
Detroit (APP) Tigers batting - Pitching for Great Falls Voyagers : RHP Juan Reyes
|
Batting: RHB George Sonier
|
0-0: Ball 1-0: Ground out 6-3 (Groundball, 6, EV 108.1 MPH)
|
Batting: RHB Tony Murray
|
0-0: SINGLE (Groundball, 56D, EV 107.5 MPH)
|
Batting: LHB Simon Barry
|
0-0: Ball 1-0: DOUBLE (Line Drive, 78D, EV 107.5 MPH) Tony Murray to third Runner from 3rd tries for Home, SAFE, no throw by CF
|
Batting: RHB Yasutaka Yamasaki
|
0-0: Called Strike 0-1: SINGLE (Flyball, 8RS, EV 94.4 MPH) Simon Barry to third
|
Batting: RHB John Barton
|
0-0: Swinging Strike 0-1: SINGLE (Groundball, 34D, EV 110.6 MPH) Simon Barry scores Yasutaka Yamasaki to second Runner from 2nd tries for 3rd, SAFE, throw by RF made to third
|
Pitching: RHP Max Carter
|
|
Batting: RHB Peter Jones
|
0-0: Called Strike 0-1: Ball Wild Pitch! Yasutaka Yamasaki scores John Barton to second 1-1: Ball 2-1: Foul Ball, location: 2F 2-2: Foul Ball, location: 2F 2-2: Foul Ball, location: 2F 2-2: SINGLE (Groundball, 6S, EV 75.0 MPH) (infield hit) John Barton to third
|
Batting: RHB Victor Acuna
|
0-0: Ball 1-0: Ball 2-0: Foul Ball, location: 2F 2-1: SINGLE (Line Drive, 4D, EV 96.2 MPH) John Barton scores Peter Jones to second
|
Batting: RHB Alex Duarte
|
0-0: Ball 1-0: Ball 2-0: Ball 3-0: Called Strike 3-1: Fly out, F8 (Flyball, 8RXD, EV 94.4 MPH) Runner from 2nd tags up, SAFE at 3rd, no throw by CF
|
Batting: RHB Cody Kafer
|
0-0: Foul Ball, location: 2F 0-1: Ball 1-1: Ball 2-1: Ball 3-1: Base on Balls Victor Acuna to second
|
Batting: RHB George Sonier
|
0-0: Ball 1-0: GRAND SLAM HOME RUN (Flyball, 7D, EV 95.6 MPH), Distance : 373 ft
|
Pitching: LHP Humberto Carrera
|
|
Batting: RHB Tony Murray
|
0-0: Ground out 6-3 (Groundball, 6, EV 102.5 MPH)
|
Top of the 3rd over - 8 runs, 7 hits, 0 errors, 0 left on base; Detroit (APP) 11 - Great Falls 3 |
BOTTOM OF THE 3RD |
Great Falls Voyagers batting - Pitching for Detroit (APP) Tigers : RHP Felipe Guevara
|
Batting: RHB Russ Cornett
|
0-0: Foul Ball, location: 2F 0-1: Swinging Strike 0-2: Foul Ball, location: 2F 0-2: Ball 1-2: Foul Ball, location: 2F 1-2: Foul Ball, location: 2F 1-2: Strikes out swinging
|
Batting: RHB Billy Grubbs
|
0-0: Ball 1-0: Ball 2-0: Called Strike 2-1: Ball 3-1: Fly out, F8 (Flyball, 8LD, EV 105.0 MPH)
|
Batting: RHB Mitch Cuadros
|
0-0: Ball 1-0: Ball 2-0: Called Strike 2-1: Ball 3-1: Ground out 5-3 (Groundball, 56S, EV 94.4 MPH)
|
Bottom of the 3rd over - 0 runs, 0 hits, 0 errors, 0 left on base; Detroit (APP) 11 - Great Falls 3 |
TOP OF THE 4TH |
Detroit (APP) Tigers batting - Pitching for Great Falls Voyagers : LHP Humberto Carrera
|
Batting: LHB Simon Barry
|
0-0: Called Strike 0-1: Swinging Strike 0-2: Ball 1-2: Ball 2-2: Ball 3-2: Foul Ball, location: 2F 3-2: Base on Balls
|
Batting: RHB Yasutaka Yamasaki
|
0-0: Ball 1-0: Fly out, F7 (Flyball, 7LS, EV 89.4 MPH)
|
Batting: RHB John Barton
|
0-0: Fielders Choice at 2nd, 3-6 (Groundball, 3S, EV 79.4 MPH)
|
Batting: RHB Peter Jones
|
0-0: Swinging Strike 0-1: Fly out, F5 (Line Drive, 5L, EV 68.1 MPH)
|
Top of the 4th over - 0 runs, 0 hits, 0 errors, 1 left on base; Detroit (APP) 11 - Great Falls 3 |
BOTTOM OF THE 4TH |
Great Falls Voyagers batting - Pitching for Detroit (APP) Tigers : RHP Felipe Guevara
|
Batting: RHB Brad Adams Jr.
|
0-0: Ball 1-0: Ball 2-0: Ground out 5-3 (Groundball, 56, EV 96.2 MPH)
|
Batting: RHB Francisco Marin
|
0-0: Ball 1-0: Swinging Strike 1-1: Ball 2-1: Foul Ball, location: 2F 2-2: Foul Ball, location: 2F 2-2: Foul Ball, location: 2F 2-2: Ball 3-2: Base on Balls
|
Batting: RHB Joselito Santos
|
0-0: Ball 1-0: Swinging Strike 1-1: Ball 2-1: Ball 3-1: Grounds into double play, 3-6-3 (Groundball, 3, EV 108.1 MPH)
|
Bottom of the 4th over - 0 runs, 0 hits, 0 errors, 0 left on base; Detroit (APP) 11 - Great Falls 3 |
TOP OF THE 5TH |
Detroit (APP) Tigers batting - Pitching for Great Falls Voyagers : LHP Humberto Carrera
|
Batting: RHB Victor Acuna
|
0-0: Called Strike 0-1: Ball 1-1: Foul Ball, location: 2F 1-2: Foul Ball, location: 2F 1-2: Ball 2-2: Ball 3-2: Strikes out swinging
|
Batting: RHB Alex Duarte
|
0-0: Fly out, F7 (Flyball, 78M, EV 84.4 MPH)
|
Batting: RHB Cody Kafer
|
0-0: Ball 1-0: Called Strike 1-1: Ball 2-1: Foul Ball, location: 2F 2-2: Strikes out looking
|
Top of the 5th over - 0 runs, 0 hits, 0 errors, 0 left on base; Detroit (APP) 11 - Great Falls 3 |
BOTTOM OF THE 5TH |
Great Falls Voyagers batting - Pitching for Detroit (APP) Tigers : RHP Felipe Guevara
|
Pitching: LHP Greg Bradley
|
|
Batting: RHB David Cortez
|
0-0: Ball 1-0: Called Strike 1-1: Foul Ball, location: 2F 1-2: Ball 2-2: Foul Ball, location: 2F 2-2: Strikes out swinging
|
Batting: RHB Andy Cotton
|
0-0: Swinging Strike 0-1: Foul Ball, location: 2F 0-2: Strikes out swinging
|
Batting: RHB Enrique Gomez
|
0-0: Ball 1-0: Called Strike 1-1: Foul Ball, location: 2F 1-2: Ball 2-2: Foul Ball, location: 2F 2-2: Foul Ball, location: 2F 2-2: Foul Ball, location: 2F 2-2: Foul Ball, location: 2F 2-2: Foul Ball, location: 2F 2-2: Ball 3-2: Strikes out looking
|
Bottom of the 5th over - 0 runs, 0 hits, 0 errors, 0 left on base; Detroit (APP) 11 - Great Falls 3 |
TOP OF THE 6TH |
Detroit (APP) Tigers batting - Pitching for Great Falls Voyagers : LHP Humberto Carrera
|
Batting: RHB George Sonier
|
0-0: Foul Ball, location: 2F 0-1: Foul Ball, location: 2F 0-2: Fly out, F9 (Flyball, 89S, EV 80.6 MPH)
|
Batting: RHB Tony Murray
|
0-0: Ball 1-0: Ball 2-0: Fly out, F7 (Flyball, 7LS, EV 84.4 MPH)
|
Batting: LHB Simon Barry
|
0-0: Called Strike 0-1: Called Strike 0-2: Fly out, F8 (Flyball, 8LD, EV 91.2 MPH)
|
Top of the 6th over - 0 runs, 0 hits, 0 errors, 0 left on base; Detroit (APP) 11 - Great Falls 3 |
BOTTOM OF THE 6TH |
Great Falls Voyagers batting - Pitching for Detroit (APP) Tigers : LHP Greg Bradley
|
Batting: RHB Russ Cornett
|
0-0: Ball 1-0: Called Strike 1-1: Ball 2-1: Ball 3-1: Called Strike 3-2: Base on Balls
|
Batting: RHB Billy Grubbs
|
0-0: Ball 1-0: Ball 2-0: SINGLE (Line Drive, 34D, EV 98.8 MPH) Russ Cornett to second Runner from 2nd tries for 3rd, SAFE, throw by RF made to third
|
Batting: RHB Mitch Cuadros
|
0-0: Ball 1-0: Ball 2-0: Ball 3-0: Base on Balls Billy Grubbs to second
|
Batting: RHB Brad Adams Jr.
|
0-0: Ball 1-0: Called Strike 1-1: Fly out, F9 (Flyball, 89M, EV 85.0 MPH)
|
Batting: RHB Francisco Marin
|
0-0: Ball 1-0: Ball 2-0: Ball 3-0: Called Strike 3-1: Foul Ball, location: 2F 3-2: Base on Balls Russ Cornett scores Billy Grubbs to third Mitch Cuadros to second
|
Batting: RHB Joselito Santos
|
0-0: Foul Ball, location: 2F 0-1: Ball 1-1: Grounds into double play, 3-6-1 (Groundball, 34, EV 83.1 MPH)
|
Bottom of the 6th over - 1 run, 1 hit, 0 errors, 2 left on base; Detroit (APP) 11 - Great Falls 4 |
TOP OF THE 7TH |
Detroit (APP) Tigers batting - Pitching for Great Falls Voyagers : LHP Humberto Carrera
|
Pinch Hitting: RHB Yuusou Honda
|
0-0: SINGLE (Groundball, 56D, EV 103.1 MPH)
|
Pitching: RHP Frank Lankford
|
|
Batting: RHB John Barton
|
0-0: Ball 1-0: Foul Ball, location: 2F 1-1: Swinging Strike 1-2: Ball 2-2: Foul Ball, location: 2F 2-2: SINGLE (Line Drive, 9S, EV 108.8 MPH) Yuusou Honda to second
|
Batting: RHB Peter Jones
|
0-0: Called Strike 0-1: Ball 1-1: Foul Ball, location: 2F 1-2: Ball 2-2: Foul Ball, location: 2F 2-2: Strikes out swinging
|
Batting: RHB Victor Acuna
|
0-0: Fielders Choice at 2nd, 6-4 (Groundball, 6, EV 80.6 MPH) Yuusou Honda to third
|
Batting: RHB Alex Duarte
|
0-0: Ball 1-0: Swinging Strike 1-1: Swinging Strike 1-2: Foul Ball, location: 2F 1-2: Fielders Choice at 2nd, 6-4 (Groundball, 56, EV 81.9 MPH)
|
Top of the 7th over - 0 runs, 2 hits, 0 errors, 2 left on base; Detroit (APP) 11 - Great Falls 4 |
BOTTOM OF THE 7TH |
Great Falls Voyagers batting - Pitching for Detroit (APP) Tigers : LHP Greg Bradley
|
Now in LF: Yuusou Honda
|
|
Now in RF: John Barton
|
|
Batting: RHB David Cortez
|
0-0: Foul Ball, location: 2F 0-1: Ball 1-1: Swinging Strike 1-2: SINGLE (Groundball, 6, EV 107.5 MPH)
|
Pitching: RHP Marshall Laurence
|
|
Batting: RHB Andy Cotton
|
0-0: Ball 1-0: Called Strike 1-1: Called Strike 1-2: Ball 2-2: Ball 3-2: Base on Balls David Cortez to second
|
Batting: RHB Enrique Gomez
|
0-0: Called Strike 0-1: Called Strike 0-2: Ball 1-2: Strikes out swinging
|
Batting: RHB Russ Cornett
|
0-0: Ball 1-0: Swinging Strike 1-1: Swinging Strike 1-2: Foul Ball, location: 2F 1-2: Ball 2-2: SINGLE (Groundball, 4MS, EV 68.1 MPH) (infield hit) David Cortez to third Andy Cotton to second
|
Batting: RHB Billy Grubbs
|
0-0: Grounds into double play, 6-4-3 (Groundball, 6, EV 101.9 MPH)
|
Bottom of the 7th over - 0 runs, 2 hits, 0 errors, 2 left on base; Detroit (APP) 11 - Great Falls 4 |
TOP OF THE 8TH |
Detroit (APP) Tigers batting - Pitching for Great Falls Voyagers : RHP Frank Lankford
|
Batting: RHB Cody Kafer
|
0-0: Called Strike 0-1: Called Strike 0-2: Ball 1-2: Fly out, F8 (Line Drive, 78M, EV 91.9 MPH)
|
Batting: RHB George Sonier
|
0-0: Called Strike 0-1: SINGLE (Groundball, 56D, EV 96.2 MPH)
|
Batting: RHB Tony Murray
|
0-0: Ball 1-0: Ball Pickoff Throw by Catcher to First - Error! E2 George Sonier to second 2-0: SINGLE (Line Drive, 6M, EV 96.9 MPH) George Sonier to third
|
Batting: LHB Simon Barry
|
0-0: Ball 1-0: Ball 2-0: SINGLE (Groundball, 34S, EV 66.9 MPH) (infield hit) George Sonier scores Tony Murray to second
|
Pitching: RHP Bin Li
|
|
Batting: RHB Yuusou Honda
|
0-0: Called Strike 0-1: Foul Ball, location: 2F 0-2: Ball 1-2: Strikes out swinging
|
Batting: RHB John Barton
|
0-0: Foul Ball, location: 2F 0-1: Ground out 4-3 (Groundball, 4, EV 86.9 MPH)
|
Top of the 8th over - 1 run, 3 hits, 1 error, 2 left on base; Detroit (APP) 12 - Great Falls 4 |
BOTTOM OF THE 8TH |
Great Falls Voyagers batting - Pitching for Detroit (APP) Tigers : RHP Marshall Laurence
|
Batting: RHB Mitch Cuadros
|
0-0: SOLO HOME RUN (Flyball, 7D, EV 98.1 MPH), Distance : 369 ft
|
Batting: RHB Brad Adams Jr.
|
0-0: Foul Ball, location: 2F 0-1: Swinging Strike 0-2: Strikes out swinging
|
Batting: RHB Francisco Marin
|
0-0: Foul Ball, location: 2F 0-1: Ball 1-1: Ball 2-1: Called Strike 2-2: Strikes out swinging
|
Batting: RHB Joselito Santos
|
0-0: Ball 1-0: Called Strike 1-1: Ball 2-1: Ball 3-1: Base on Balls
|
Pitching: RHP Mike Valdivia
|
|
Pinch Hitting: RHB Jake Feinstein
|
0-0: Ball 1-0: Ball 2-0: Foul Ball, location: 2F 2-1: Foul Ball, location: 2F 2-2: Strikes out swinging
|
Bottom of the 8th over - 1 run, 1 hit, 0 errors, 1 left on base; Detroit (APP) 12 - Great Falls 5 |
TOP OF THE 9TH |
Detroit (APP) Tigers batting - Pitching for Great Falls Voyagers : RHP Bin Li
|
Now in LF: Jake Feinstein
|
|
Batting: RHB Peter Jones
|
0-0: Ball 1-0: Ball 2-0: Foul Ball, location: 2F 2-1: Foul Ball, location: 2F 2-2: Foul Ball, location: 2F 2-2: Strikes out swinging
|
Batting: RHB Victor Acuna
|
0-0: Ball 1-0: Ground out 1-3 (Groundball, 15S, EV 64.4 MPH)
|
Pinch Hitting: RHB Nate Dabney
|
0-0: Ball 1-0: Foul Ball, location: 2F 1-1: Ball 2-1: Swinging Strike 2-2: Ball 3-2: Foul Ball, location: 2F 3-2: Strikes out swinging
|
Top of the 9th over - 0 runs, 0 hits, 0 errors, 0 left on base; Detroit (APP) 12 - Great Falls 5 |
BOTTOM OF THE 9TH |
Great Falls Voyagers batting - Pitching for Detroit (APP) Tigers : RHP Mike Valdivia
|
Now at 2B: Rick Brinkmann
|
|
Batting: RHB Andy Cotton
|
0-0: Called Strike 0-1: Ball 1-1: Foul Ball, location: 2F 1-2: Ball 2-2: Ball 3-2: Foul Ball, location: 2F 3-2: Foul Ball, location: 2F 3-2: Foul Ball, location: 2F 3-2: SINGLE (Groundball, 56, EV 97.5 MPH)
|
Batting: RHB Enrique Gomez
|
0-0: Ball 1-0: Swinging Strike 1-1: Ball 2-1: Called Strike Balk! Andy Cotton to second 2-2: Strikes out swinging
|
Batting: RHB Russ Cornett
|
0-0: Foul Ball, location: 2F 0-1: Foul Ball, location: 2F 0-2: Ball 1-2: Fly out, F9 (Flyball, 9D, EV 101.2 MPH) Runner from 2nd tags up, SAFE at 3rd, no throw by RF
|
Batting: RHB Billy Grubbs
|
0-0: Ball 1-0: Called Strike 1-1: SINGLE (Groundball, 25, EV 71.9 MPH) (infield hit) Andy Cotton scores
|
Batting: RHB Mitch Cuadros
|
0-0: Ball 1-0: Swinging Strike 1-1: Ground out 4-3 (Groundball, 34D, EV 86.9 MPH)
|
Bottom of the 9th over - 1 run, 2 hits, 0 errors, 1 left on base; Detroit (APP) 12 - Great Falls 6 |
|